 Dungeon Crawl Stone Soup version 0.21-a0-132-g076efaf (webtiles) character file.

109 Leszczynek the Cudgeler (level 4, -1/37 HPs)
             Began as a Gnoll Fighter on July 17, 2017.
             Slain by an iguana (11 damage)
             ... on level 4 of the Dungeon.
             The game lasted 00:11:38 (2156 turns).

Leszczynek the Cudgeler (Gnoll Fighter)             Turns: 2156, Time: 00:11:38

Health: -1/37      AC:  6    Str:  7    XL:     4   Next: 90%
Magic:  4/4        EV:  5    Int:  7    God:
Gold:   73         SH:  7    Dex:  7    Spells: 3/3 levels left

rFire    . . .     SeeInvis .   a - +1 flail (drain)
rCold    . . .     Gourm    .   c - +0 shield
rNeg     . . .     Faith    .   b - +0 scale mail
rPois    .         Spirit   .   (no helmet)
rElec    .         Reflect  .   (no cloak)
rCorr    .         Harm     .   (no gloves)
MR       .....                  (no boots)
Stlth    ..........             (no amulet)
HPRegen  0.12/turn              (no ring)
MPRegen  0.09/turn              (no ring)

@: drained
A: unchanging attributes, fangs 1, strong nose
a: no special abilities


You were on level 4 of the Dungeon.
You were hungry.

You visited 1 branch of the dungeon, and saw 4 of its levels.

You collected 73 gold pieces.

Inventory:

Hand Weapons
 a - a +1 flail of draining (weapon)
Missiles
 e - 8 curare-tipped needles
Armour
 b - a +0 scale mail (worn)
 c - a +0 shield (worn)
 n - a +0 leather armour
Scrolls
 g - a scroll of recharging {unknown}
 i - 2 scrolls of teleportation {unknown}
 l - 5 scrolls of identify {@r1}
 m - a scroll of immolation {unknown}
 r - a scroll of magic mapping {unknown}
 s - a scroll of blinking {unknown}
Potions
 f - a potion of might
 j - a potion of cancellation {unknown}
 k - a potion of mutation {unknown}
 p - a potion of haste {unknown}
 q - 2 potions of curing {@q1}
 t - a potion of heal wounds {unknown}
Comestibles
 d - 2 bread rations
 h - 3 meat rations


   Skills:
 - Level 4.0(3.6) Fighting
 + Level 6.5(6.1) Maces & Flails
 - Level 4.0(3.6) Armour
 - Level 4.0(3.6) Shields


You had 3 spell levels left.
You didn't know any spells.

Dungeon Overview and Level Annotations

Branches:
Dungeon (4/15)
 Temple: D:4-7

Altars:
Nemelex Xobeh

Annotations:
D:3 Crazy Yiuf
D:4 2h ogre (what)


Innate Abilities, Weirdness & Mutations

Your physical attributes are unchanging.
You have very sharp teeth.
Your uncanny sense of smell can sniff out nearby items.


Message History

You kill the kobold!
You closely miss the orc. The orc hits you but does no damage.
Your shield and scale mail prevent you from hitting the orc.
You block the orc's attack.
You thump the orc!
You kill the orc!
The iguana bites you!
You hit the iguana.
The iguana is moderately wounded.
The iguana bites you but does no damage.
You completely miss the iguana.
The iguana is moderately wounded.
The iguana bites you.
You hit the iguana.
The iguana is heavily wounded.
The iguana bites you!
* * * LOW HITPOINT WARNING * * *
You are feeling hungry.
The iguana bites you!
You die...

..'....# #.#..#.#
##.#### ###....#
#.#..#.### #.# #....#
#.#......# #.#
####'#####.#....#.# #.#
........).....#.#.# #.#
......####.#.#....# #.#
..................# #.#
.......###.#.##l#.####.#
###'##.# #.#....@......#
#.##.# #.#.##.#.######
#.##.###.#.##.#.#
#...............#
####.###.#.####.# #.#
#.#.# #.# #.# #.#.# #.#
#.# #.#.# #.# #.# #.#..
..#


You could see an iguana.

Vanquished Creatures
  Terence (D:3)
  A worker ant (D:4)
  An adder (D:4)
  An ooze (D:3)
  A dart slug (D:3)
  A leopard gecko (D:3)
  3 orcs
  2 bats (D:1)
  2 giant cockroaches
  6 goblins
  4 hobgoblins (D:1)
  2 jackals (D:2)
  5 kobolds
  3 quokkas
  5 frilled lizards
  A jackal skeleton (D:4)
  4 rats
43 creatures vanquished.

Notes
Turn   | Place    | Note
-------+----------+-------------------------------------------
     0 | D:1      | Leszczynek the Gnoll Fighter began the quest for the Orb.
     0 | D:1      | Reached XP level 1. HP: 19/19 MP: 1/1
     0 | D:1      | this fucking shit race literally depends on finding a light armor ASAP
     0 | D:1      | >scale mail
     0 | D:1      | sure buddy, good luck with that
   188 | D:1      | Reached skill level 3 in Maces & Flails
   265 | D:1      | Reached XP level 2. HP: 13/25 MP: 2/2
   465 | D:1      | Reached skill level 4 in Maces & Flails
   792 | D:1      | nope, worm too strong
  1046 | D:1      | Reached XP level 3. HP: 22/30 MP: 3/3
  1196 | D:3      | Noticed Terence
  1442 | D:3      | Reached skill level 5 in Maces & Flails
  1592 | D:3      | Killed Terence
  1592 | D:3      | Reached XP level 4. HP: 30/37 MP: 4/4
  1610 | D:3      | Found a sparkling altar of Nemelex Xobeh.
  1639 | D:4      | Reached skill level 6 in Maces & Flails
  1643 | D:4      | Noticed a two-headed ogre
  1644 | D:4      | what
  1705 | D:3      | Found a runed door.
  1709 | D:3      | Noticed Crazy Yiuf
  1713 | D:3      | HP: 6/37 [Crazy Yiuf/quarterstaff of chaos (8)]
  2127 | D:4      | HP: 7/37 [iguana (8)]
  2156 | D:4      | Slain by an iguana

Vault maps used:
D:1:      evilmike_arrival_home_sweet_home
D:2:      first_bread
D:3:      portal_sewer_entry_b, palyth_stone_intersect,
          nemelex_xobeh_ov_fountains_minmay, uniq_terence,
          uniq_crazy_yiuf_cottage
D:4:      grunt_decor_one_mirror

Skill      XL: |  1  2  3  4 |
---------------+-------------+-----
Maces & Flails | 3 4 5 6 |  6.5
Fighting       | |  4.0
Armour         | |  4.0
Shields        | |  4.0

Action                   |  1- 3 |  4- 6 || total
-------------------------+-------+-------++-------
Melee: Flail             |   190 |    36 ||   226
       Bite              |    11 |     1 ||    12
  Use: Potion            |     1 |       ||     1
       Scroll            |       |     1 ||     1
  Eat: Chunk             |     3 |     1 ||     4
       Fruit             |       |     1 ||     1
Armor: Scale mail        |    73 |    10 ||    83
       Leather armour    |    12 |       ||    12
Dodge: Dodged            |    50 |     6 ||    56
Block: Shield            |    84 |     8 ||    92
